Workbook

Sheet Description
A1: Chamber Pension Plan Lifecycle Funds - Portfolio Holdings

Sheet Equity Holdings
A1: As of 30 September 2026
A2: Source: BlackRock
A3: CUSIP/ISIN | B3: Security | C3: Portfolio Weight
A4: US67066G1040 | B4: NVIDIA | C4: 0.058
A5: US0378331005 | B5: APPLE | C5: 0.054
A6: US5949181045 | B6: MICROSOFT | C6: 0.04
A7: US0231351067 | B7: AMAZON.COM INC | C7: 0.0266
A8: US02079K3059 | B8: ALPHABET CLASS A | C8: 0.0223
A9: US02079K1079 | B9: ALPHABET CLASS C | C9: 0.0176
A10: US30303M1027 | B10: META PLATFORMS CLASS A | C10: 0.0176
A11: US11135F1012 | B11: BROADCOM INC | C11: 0.0176
A12: US5951121038 | B12: MICRON TECHNOLOGY | C12: 0.0133
A13: US88160R1014 | B13: TESLA INC | C13: 0.0112
A14: US0079031078 | B14: ADVANCED MICRO DEVICES | C14: 0.011
A15: US5324571083 | B15: ELI LILLY | C15: 0.0102
... A321: US89832Q1094 | B321: TRUIST FINANCIAL | C321: 0.0006
B322: USD | C322: 0.0006
A323: US87612G1013 | B323: TARGA RESOURCES | C323: 0.0006
A324: US16411R2085 | B324: CHENIERE ENERGY | C324: 0.0006
A325: GB0004082847 | B325: STANDARD CHARTERED PLC | C325: 0.0006
A326: IE00BLP1HW54 | B326: AON PLC CLASS A | C326: 0.0006
A327: US14149Y1082 | B327: CARDINAL HEALTH | C327: 0.0006
A328: US30609A1097 | B328: ONEOK | C328: 0.0006
A329: DE000BAY0017 | B329: BAYER AG | C329: 0.0006
A330: US05722G1004 | B330: BAKER HUGHES CLASS A | C330: 0.0006
A331: ES0140609019 | B331: CAIXABANK SA | C331: 0.0006
A332: US25179M1036 | B332: DEVON ENERGY | C332: 0.0006
A333: US03073E1055 | B333: CENCORA | C333: 0.0006
A334: US19247G1076 | B334: COHERENT | C334: 0.0006
... A376: FR0000121667 | B376: ESSILORLUXOTTICA SA | C376: 0.0005
B377: JPY | C377: 0.0005
A378: IL0006290147 | B378: TEVA PHARMACEUTICAL INDUSTRIES | C378: 0.0005
A379: US0533321024 | B379: AUTOZONE | C379: 0.0005
A380: US3167731005 | B380: FIFTH THIRD BANCORP | C380: 0.0005
A381: CA15101Q2071 | B381: CELESTICA | C381: 0.0005
A382: NL0000334118 | B382: ASM INTERNATIONAL NV | C382: 0.0005
A383: US4448591028 | B383: HUMANA | C383: 0.0005
A384: CH0126881561 | B384: SWISS RE AG | C384: 0.0005
A385: US98389B1008 | B385: XCEL ENERGY INC | C385: 0.0005
A386: US31488V1070 | B386: FERGUSON ENTERPRISES INC | C386: 0.0005
A387: AU0000224040 | B387: WOODSIDE ENERGY GROUP LTD | C387: 0.0005
A388: US29364G1031 | B388: ENTERGY CORP | C388: 0.0005
A389: NL0011585146 | B389: FERRARI | C389: 0.0005
... A664: US8760301072 | B664: TAPESTRY | C664: 0.0002
B665: GBP | C665: 0.0002
A666: DE0006599905 | B666: MERCK | C666: 0.0002
A667: NL0000687663 | B667: AERCAP HOLDINGS | C667: 0.0002
A668: NL0010773842 | B668: NN GROUP | C668: 0.0002
A669: AU000000ALL7 | B669: ARISTOCRAT LEISURE | C669: 0.0002
A670: US92345Y1064 | B670: VERISK ANALYTICS | C670: 0.0002
A671: CH0311864901 | B671: VAT GROUP AG | C671: 0.0002
A672: IT0000066123 | B672: BPER BANCA | C672: 0.0002
A673: US92343E1029 | B673: VERISIGN | C673: 0.0002
A674: JP3397200001 | B674: SUZUKI MOTOR | C674: 0.0002
A675: JP3778630008 | B675: BANDAI NAMCO HOLDINGS INC | C675: 0.0002
A676: US2371941053 | B676: DARDEN RESTAURANTS INC | C676: 0.0002
A677: US1475281036 | B677: CASEYS GENERAL STORES INC | C677: 0.0002
... A697: CH0030170408 | B697: GEBERIT AG | C697: 0.0002
B698: EUR | C698: 0.0002
A699: US45337C1027 | B699: INCYTE CORP | C699: 0.0002
A700: JP3388200002 | B700: AEON | C700: 0.0002
A701: JP3551500006 | B701: DENSO | C701: 0.0002
A702: US91307C1027 | B702: UNITED THERAPEUTICS | C702: 0.0002
A703: US65473P1057 | B703: NISOURCE | C703: 0.0002
A704: US88262P1021 | B704: TEXAS PACIFIC LAND | C704: 0.0002
A705: US4595061015 | B705: INTERNATIONAL FLAVORS & FRAGRANCES | C705: 0.0002
A706: ES0113860A34 | B706: BANCO DE SABADELL | C706: 0.0002
A707: DE000DTR0CK8 | B707: DAIMLER TRUCK HOLDING E AG | C707: 0.0002
A708: US6293775085 | B708: NRG ENERGY INC | C708: 0.0002
A709: JP3294460005 | B709: INPEX | C709: 0.0002
A710: US5705351048 | B710: MARKEL GROUP | C710: 0.0002
... A752: JP3381000003 | B752: NIPPON STEEL | C752: 0.0002
B753: AUD | C753: 0.0002
A754: CA39138C1068 | B754: GREAT WEST LIFECO INC | C754: 0.0002
A755: GB0000456144 | B755: ANTOFAGASTA PLC | C755: 0.0002
A756: US11133T1034 | B756: BROADRIDGE FINANCIAL SOLUTIONS INC | C756: 0.0002
A757: FI0009013403 | B757: KONE | C757: 0.0002
A758: CA0977518616 | B758: BOMBARDIER CLASS B | C758: 0.0002
A759: CH1430134226 | B759: AMRIZE AG | C759: 0.0002
A760: US1258961002 | B760: CMS ENERGY | C760: 0.0002
A761: IE0004927939 | B761: KINGSPAN GROUP PLC | C761: 0.0002
A762: US5404241086 | B762: LOEWS | C762: 0.0002
A763: US2605571031 | B763: DOW | C763: 0.0002
A764: US26614N2018 | B764: DUPONT DE NEMOURS | C764: 0.0002
A765: AU000000S320 | B765: SOUTH32 | C765: 0.0002
... A782: AU000000EVN4 | B782: EVOLUTION MINING | C782: 0.0002
B783: GBP/USD | C783: 0.0002
A784: CA5503721063 | B784: LUNDIN MINING | C784: 0.0002
A785: US1921085049 | B785: COEUR MINING | C785: 0.0002
A786: JP3266400005 | B786: KUBOTA | C786: 0.0002
A787: JP3566800003 | B787: CENTRAL JAPAN RAILWAY | C787: 0.0002
A788: US98956P1021 | B788: ZIMMER BIOMET HOLDINGS | C788: 0.0002
A789: CH1256740924 | B789: SGS SA | C789: 0.0002
A790: DE0008402215 | B790: HANNOVER RUECK | C790: 0.0002
A791: DE0007664039 | B791: VOLKSWAGEN NON-VOTING PREF AG | C791: 0.0002
A792: US4456581077 | B792: JB HUNT TRANSPORT SERVICES | C792: 0.0002
A793: GB0004052071 | B793: HALMA PLC | C793: 0.0002
A794: US2971781057 | B794: ESSEX PROPERTY TRUST REIT | C794: 0.0002
A795: US31946M1036 | B795: FIRST CITIZENS BANCSHARES CLASS A | C795: 0.0002
... A1072: CA05534B7604 | B1072: BCE INC | C1072: 0.0001
...

Sheet Fixed Income Holdings
A1: As of 30 September 2026
A2: Source: Income Research + Management
A3: CUSIP/ISIN | B3: Security | C3: Portfolio Weight
A4: 912810UN6 | B4: UST | C4: 0.06045491
A5: 91282CPL9 | B5: UST | C5: 0.04529246
A6: 91282CPN5 | B6: UST | C6: 0.03628341
A7: 91282CJN2 | B7: UST | C7: 0.03307187
A8: 912810UF3 | B8: UST | C8: 0.03032248
A9: 91282CRH6 | B9: UST | C9: 0.01958252
A10: 91282CQE4 | B10: UST | C10: 0.01825051
A11: 91282CQU8 | B11: UST | C11: 0.01752198
A12: 912810UM8 | B12: UST | C12: 0.0156256
A13: 912810TR9 | B13: UST | C13: 0.01246988
A14: 91282CHX2 | B14: UST | C14: 0.00983741
A15: 91282CNS6 | B15: TSY INFL IX N/B | C15: 0.00967173
... A284: 83162CSH7 | B284: SBAP 2009-20B 1 | C284: 2.953e-05

Sheet Sheet1
E1: Income Con | F1: Income Grow | G1: 2030 | H1: 2040 | I1: 2050 | J1: 2060
C2: Equity | E2: ='Income Conservative Fund '!C2 -> 0.27460801 | F2: ='Income Growth Fund'!C2 -> 0.37943828 | G2: ='2030 Fund'!C2 -> 0.46546172 | H2: ='2040 Fund'!C2 -> 0.67836483 | I2: ='2050 Fund'!C2 -> 0.85637547 | J2: ='2060 Fund'!C2 -> 0.9423267
C3: FI | E3: ='Income Conservative Fund '!C3 -> 0.72539199 | F3: ='Income Growth Fund'!C3 -> 0.62056172 | G3: ='2030 Fund'!C3 -> 0.53453828 | H3: ='2040 Fund'!C3 -> 0.32163517 | I3: ='2050 Fund'!C3 -> 0.14362453 | J3: ='2060 Fund'!C3 -> 0.057673297
A4: 1 | B4: 037833100 | C4: APPLE INC | D4: 0.054413951 | E4: =IF($A4=1,$D4*E$2,$D4*E$3) -> 0.014942507 | F4: =IF($A4=1,$D4*F$2,$D4*F$3) -> 0.020646736 | G4: =IF($A4=1,$D4*G$2,$D4*G$3) -> 0.025327611 | H4: =IF($A4=1,$D4*H$2,$D4*H$3) -> 0.036912511 | I4: =IF($A4=1,$D4*I$2,$D4*I$3) -> 0.046598773 | J4: =IF($A4=1,$D4*J$2,$D4*J$3) -> 0.051275719
A5: =A4 -> 1 | B5: 67066G104 | C5: NVIDIA CORP | D5: 0.047078335 | E5: =IF(A5=1,$D5*E$2,$D5*E$3) -> 0.012928088 | F5: =IF($A5=1,$D5*F$2,$D5*F$3) -> 0.017863322 | G5: =IF($A5=1,$D5*G$2,$D5*G$3) -> 0.021913163 | H5: =IF($A5=1,$D5*H$2,$D5*H$3) -> 0.031936287 | I5: =IF($A5=1,$D5*I$2,$D5*I$3) -> 0.040316731 | J5: =IF($A5=1,$D5*J$2,$D5*J$3) -> 0.044363172
A6: =A5 -> 1 | B6: 594918104 | C6: MICROSOFT CORP | D6: 0.042536943 | E6: =IF(A6=1,$D6*E$2,$D6*E$3) -> 0.011680985 | F6: =IF($A6=1,$D6*F$2,$D6*F$3) -> 0.016140144 | G6: =IF($A6=1,$D6*G$2,$D6*G$3) -> 0.019799319 | H6: =IF($A6=1,$D6*H$2,$D6*H$3) -> 0.028855566 | I6: =IF($A6=1,$D6*I$2,$D6*I$3) -> 0.036427595 | J6: =IF($A6=1,$D6*J$2,$D6*J$3) -> 0.040083698
A7: =A6 -> 1 | B7: 023135106 | C7: AMAZON COM INC | D7: 0.029617398 | E7: =IF(A7=1,$D7*E$2,$D7*E$3) -> 0.0081331748 | F7: =IF($A7=1,$D7*F$2,$D7*F$3) -> 0.011237974 | G7: =IF($A7=1,$D7*G$2,$D7*G$3) -> 0.013785765 | H7: =IF($A7=1,$D7*H$2,$D7*H$3) -> 0.020091401 | I7: =IF($A7=1,$D7*I$2,$D7*I$3) -> 0.025363613 | J7: =IF($A7=1,$D7*J$2,$D7*J$3) -> 0.027909265
A8: =A7 -> 1 | B8: 30303M102 | C8: META PLATFORMS INC CLASS A | D8: 0.01828727 | E8: =IF(A8=1,$D8*E$2,$D8*E$3) -> 0.0050218308 | F8: =IF($A8=1,$D8*F$2,$D8*F$3) -> 0.0069388901 | G8: =IF($A8=1,$D8*G$2,$D8*G$3) -> 0.0085120239 | H8: =IF($A8=1,$D8*H$2,$D8*H$3) -> 0.012405441 | I8: =IF($A8=1,$D8*I$2,$D8*I$3) -> 0.015660769 | J8: =IF($A8=1,$D8*J$2,$D8*J$3) -> 0.017232583
A9: =A8 -> 1 | B9: 88160R101 | C9: TESLA INC | D9: 0.016594445 | E9: =IF(A9=1,$D9*E$2,$D9*E$3) -> 0.0045569674 | F9: =IF($A9=1,$D9*F$2,$D9*F$3) -> 0.0062965675 | G9: =IF($A9=1,$D9*G$2,$D9*G$3) -> 0.0077240787 | H9: =IF($A9=1,$D9*H$2,$D9*H$3) -> 0.011257088 | I9: =IF($A9=1,$D9*I$2,$D9*I$3) -> 0.014211075 | J9: =IF($A9=1,$D9*J$2,$D9*J$3) -> 0.015637388
A10: =A9 -> 1 | B10: 02079K305 | C10: ALPHABET INC CLASS A | D10: 0.0158509 | E10: =IF(A10=1,$D10*E$2,$D10*E$3) -> 0.0043527841 | F10: =IF($A10=1,$D10*F$2,$D10*F$3) -> 0.0060144382 | G10: =IF($A10=1,$D10*G$2,$D10*G$3) -> 0.0073779871 | H10: =IF($A10=1,$D10*H$2,$D10*H$3) -> 0.010752693 | I10: =IF($A10=1,$D10*I$2,$D10*I$3) -> 0.013574322 | J10: =IF($A10=1,$D10*J$2,$D10*J$3) -> 0.014936726
A11: =A10 -> 1 | B11: 11135F101 | C11: BROADCOM INC | D11: 0.014701329 | E11: =IF(A11=1,$D11*E$2,$D11*E$3) -> 0.0040371026 | F11: =IF($A11=1,$D11*F$2,$D11*F$3) -> 0.0055782468 | G11: =IF($A11=1,$D11*G$2,$D11*G$3) -> 0.0068429057 | H11: =IF($A11=1,$D11*H$2,$D11*H$3) -> 0.0099728644 | I11: =IF($A11=1,$D11*I$2,$D11*I$3) -> 0.012589857 | J11: =IF($A11=1,$D11*J$2,$D11*J$3) -> 0.013853455
A12: =A11 -> 1 | B12: SBYY88Y78 | C12: ALPHABET INC CLASS C | D12: 0.013680632 | E12: =IF(A12=1,$D12*E$2,$D12*E$3) -> 0.0037568111 | F12: =IF($A12=1,$D12*F$2,$D12*F$3) -> 0.0051909553 | G12: =IF($A12=1,$D12*G$2,$D12*G$3) -> 0.0063678103 | H12: =IF($A12=1,$D12*H$2,$D12*H$3) -> 0.0092804594 | I12: =IF($A12=1,$D12*I$2,$D12*I$3) -> 0.011715757 | J12: =IF($A12=1,$D12*J$2,$D12*J$3) -> 0.012891625
A13: =A12 -> 1 | B13: 46625H100 | C13: JPMORGAN CHASE & CO | D13: 0.0097470141 | E13: =IF(A13=1,$D13*E$2,$D13*E$3) -> 0.0026766082 | F13: =IF($A13=1,$D13*F$2,$D13*F$3) -> 0.0036983903 | G13: =IF($A13=1,$D13*G$2,$D13*G$3) -> 0.0045368619 | H13: =IF($A13=1,$D13*H$2,$D13*H$3) -> 0.0066120316 | I13: =IF($A13=1,$D13*I$2,$D13*I$3) -> 0.0083471038 | J13: =IF($A13=1,$D13*J$2,$D13*J$3) -> 0.0091848717
A14: =A13 -> 1 | B14: 532457108 | C14: ELI LILLY | D14: 0.0089134885 | E14: =IF(A14=1,$D14*E$2,$D14*E$3) -> 0.0024477154 | F14: =IF($A14=1,$D14*F$2,$D14*F$3) -> 0.0033821187 | G14: =IF($A14=1,$D14*G$2,$D14*G$3) -> 0.0041488877 | H14: =IF($A14=1,$D14*H$2,$D14*H$3) -> 0.0060465971 | I14: =IF($A14=1,$D14*I$2,$D14*I$3) -> 0.0076332929 | J14: =IF($A14=1,$D14*J$2,$D14*J$3) -> 0.0083994182
A15: =A14 -> 1 | B15: 084670702 | C15: BERKSHIRE HATHAWAY INC CLASS B | D15: 0.0085842909 | E15: =IF(A15=1,$D15*E$2,$D15*E$3) -> 0.0023573151 | F15: =IF($A15=1,$D15*F$2,$D15*F$3) -> 0.0032572086 | G15: =IF($A15=1,$D15*G$2,$D15*G$3) -> 0.0039956588 | H15: =IF($A15=1,$D15*H$2,$D15*H$3) -> 0.0058232811 | I15: =IF($A15=1,$D15*I$2,$D15*I$3) -> 0.0073513762 | J15: =IF($A15=1,$D15*J$2,$D15*J$3) -> 0.0080892066
A16: =A15 -> 1 | B16: 92826C839 | C16: VISA INC CLASS A | D16: 0.007544895 | E16: =IF(A16=1,$D16*E$2,$D16*E$3) -> 0.0020718886 | F16: =IF($A16=1,$D16*F$2,$D16*F$3) -> 0.0028628219 | G16: =IF($A16=1,$D16*G$2,$D16*G$3) -> 0.0035118598 | H16: =IF($A16=1,$D16*H$2,$D16*H$3) -> 0.0051181914 | I16: =IF($A16=1,$D16*I$2,$D16*I$3) -> 0.006461263 | J16: =IF($A16=1,$D16*J$2,$D16*J$3) -> 0.007109756
... A1429: =A1428 -> 1 | B1429: BYDCYFCY7 | C1429: JPY/USD | D1429: -0.00076482104 | E1429: =IF(A1429=1,$D1429*E$2,$D1429*E$3) -> -0.00021002599 | F1429: =IF($A1429=1,$D1429*F$2,$D1429*F$3) -> -0.00029020238 | G1429: =IF($A1429=1,$D1429*G$2,$D1429*G$3) -> -0.00035599491 | H1429: =IF($A1429=1,$D1429*H$2,$D1429*H$3) -> -0.0005188277 | I1429: =IF($A1429=1,$D1429*I$2,$D1429*I$3) -> -0.00065497398 | J1429: =IF($A1429=1,$D1429*J$2,$D1429*J$3) -> -0.00072071129
A1430: 0 | B1430: 91282CJN2 | C1430: UST | D1430: 0.045881383 | E1430: =IF(A1430=1,$D1430*E$2,$D1430*E$3) -> 0.033281988 | F1430: =IF($A1430=1,$D1430*F$2,$D1430*F$3) -> 0.02847223 | G1430: =IF($A1430=1,$D1430*G$2,$D1430*G$3) -> 0.024525356 | H1430: =IF($A1430=1,$D1430*H$2,$D1430*H$3) -> 0.014757066 | I1430: =IF($A1430=1,$D1430*I$2,$D1430*I$3) -> 0.006589692 | J1430: =IF($A1430=1,$D1430*J$2,$D1430*J$3) -> 0.0026461307
A1431: 0 | B1431: 912810TU2 | C1431: UST | D1431: 0.044834772 | E1431: =IF(A1431=1,$D1431*E$2,$D1431*E$3) -> 0.032522785 | F1431: =IF($A1431=1,$D1431*F$2,$D1431*F$3) -> 0.027822744 | G1431: =IF($A1431=1,$D1431*G$2,$D1431*G$3) -> 0.023965902 | H1431: =IF($A1431=1,$D1431*H$2,$D1431*H$3) -> 0.01442044 | I1431: =IF($A1431=1,$D1431*I$2,$D1431*I$3) -> 0.006439373 | J1431: =IF($A1431=1,$D1431*J$2,$D1431*J$3) -> 0.0025857692
A1432: 0 | B1432: 91282CKP5 | C1432: UST | D1432: 0.041638096 | E1432: =IF(A1432=1,$D1432*E$2,$D1432*E$3) -> 0.030203941 | F1432: =IF($A1432=1,$D1432*F$2,$D1432*F$3) -> 0.025839009 | G1432: =IF($A1432=1,$D1432*G$2,$D1432*G$3) -> 0.022257157 | H1432: =IF($A1432=1,$D1432*H$2,$D1432*H$3) -> 0.013392276 | I1432: =IF($A1432=1,$D1432*I$2,$D1432*I$3) -> 0.0059802519 | J1432: =IF($A1432=1,$D1432*J$2,$D1432*J$3) -> 0.0024014063
A1433: 0 | B1433: 91282CLC3 | C1433: UST | D1433: 0.032114338 | E1433: =IF(A1433=1,$D1433*E$2,$D1433*E$3) -> 0.023295484 | F1433: =IF($A1433=1,$D1433*F$2,$D1433*F$3) -> 0.019928929 | G1433: =IF($A1433=1,$D1433*G$2,$D1433*G$3) -> 0.017166343 | H1433: =IF($A1433=1,$D1433*H$2,$D1433*H$3) -> 0.010329101 | I1433: =IF($A1433=1,$D1433*I$2,$D1433*I$3) -> 0.0046124066 | J1433: =IF($A1433=1,$D1433*J$2,$D1433*J$3) -> 0.0018521398
A1434: 0 | B1434: 91282CCP4 | C1434: UST | D1434: 0.025040021 | E1434: =IF(A1434=1,$D1434*E$2,$D1434*E$3) -> 0.018163831 | F1434: =IF($A1434=1,$D1434*F$2,$D1434*F$3) -> 0.015538879 | G1434: =IF($A1434=1,$D1434*G$2,$D1434*G$3) -> 0.01338485 | H1434: =IF($A1434=1,$D1434*H$2,$D1434*H$3) -> 0.0080537514 | I1434: =IF($A1434=1,$D1434*I$2,$D1434*I$3) -> 0.0035963612 | J1434: =IF($A1434=1,$D1434*J$2,$D1434*J$3) -> 0.0014441406
A1435: 0 | B1435: 912810TR9 | C1435: UST | D1435: 0.017932642 | E1435: =IF(A1435=1,$D1435*E$2,$D1435*E$3) -> 0.013008195 | F1435: =IF($A1435=1,$D1435*F$2,$D1435*F$3) -> 0.011128311 | G1435: =IF($A1435=1,$D1435*G$2,$D1435*G$3) -> 0.0095856839 | H1435: =IF($A1435=1,$D1435*H$2,$D1435*H$3) -> 0.0057677684 | I1435: =IF($A1435=1,$D1435*I$2,$D1435*I$3) -> 0.0025755673 | J1435: =IF($A1435=1,$D1435*J$2,$D1435*J$3) -> 0.0010342346
A1436: 0 | B1436: 91282CMA6 | C1436: UST | D1436: 0.017617897 | E1436: =IF(A1436=1,$D1436*E$2,$D1436*E$3) -> 0.012779882 | F1436: =IF($A1436=1,$D1436*F$2,$D1436*F$3) -> 0.010932993 | G1436: =IF($A1436=1,$D1436*G$2,$D1436*G$3) -> 0.0094174406 | H1436: =IF($A1436=1,$D1436*H$2,$D1436*H$3) -> 0.0056665353 | I1436: =IF($A1436=1,$D1436*I$2,$D1436*I$3) -> 0.0025303622 | J1436: =IF($A1436=1,$D1436*J$2,$D1436*J$3) -> 0.0010160822
A1437: 0 | B1437: 912810TZ1 | C1437: UST | D1437: 0.017371581 | E1437: =IF(A1437=1,$D1437*E$2,$D1437*E$3) -> 0.012601206 | F1437: =IF($A1437=1,$D1437*F$2,$D1437*F$3) -> 0.010780138 | G1437: =IF($A1437=1,$D1437*G$2,$D1437*G$3) -> 0.0092857751 | H1437: =IF($A1437=1,$D1437*H$2,$D1437*H$3) -> 0.0055873113 | I1437: =IF($A1437=1,$D1437*I$2,$D1437*I$3) -> 0.0024949851 | J1437: =IF($A1437=1,$D1437*J$2,$D1437*J$3) -> 0.0010018764
A1438: 0 | B1438: 91282CHE4 | C1438: UST | D1438: 0.016387891 | E1438: =IF(A1438=1,$D1438*E$2,$D1438*E$3) -> 0.011887645 | F1438: =IF($A1438=1,$D1438*F$2,$D1438*F$3) -> 0.010169698 | G1438: =IF($A1438=1,$D1438*G$2,$D1438*G$3) -> 0.008759955 | H1438: =IF($A1438=1,$D1438*H$2,$D1438*H$3) -> 0.005270922 | I1438: =IF($A1438=1,$D1438*I$2,$D1438*I$3) -> 0.0023537031 | J1438: =IF($A1438=1,$D1438*J$2,$D1438*J$3) -> 0.0009451437
A1439: 0 | B1439: 91282CHX2 | C1439: UST | D1439: 0.015930828 | E1439: =IF(A1439=1,$D1439*E$2,$D1439*E$3) -> 0.011556095 | F1439: =IF($A1439=1,$D1439*F$2,$D1439*F$3) -> 0.0098860621 | G1439: =IF($A1439=1,$D1439*G$2,$D1439*G$3) -> 0.0085156375 | H1439: =IF($A1439=1,$D1439*H$2,$D1439*H$3) -> 0.0051239145 | I1439: =IF($A1439=1,$D1439*I$2,$D1439*I$3) -> 0.0022880576 | J1439: =IF($A1439=1,$D1439*J$2,$D1439*J$3) -> 0.00091878338
A1440: 0 | B1440: 912810TK4 | C1440: UST | D1440: 0.014947046 | E1440: =IF(A1440=1,$D1440*E$2,$D1440*E$3) -> 0.010842467 | F1440: =IF($A1440=1,$D1440*F$2,$D1440*F$3) -> 0.0092755644 | G1440: =IF($A1440=1,$D1440*G$2,$D1440*G$3) -> 0.0079897681 | H1440: =IF($A1440=1,$D1440*H$2,$D1440*H$3) -> 0.0048074955 | I1440: =IF($A1440=1,$D1440*I$2,$D1440*I$3) -> 0.0021467624 | J1440: =IF($A1440=1,$D1440*J$2,$D1440*J$3) -> 0.00086204541
A1441: 0 | B1441: 91282CJW2 | C1441: UST | D1441: 0.012624671 | E1441: =IF(A1441=1,$D1441*E$2,$D1441*E$3) -> 0.0091578354 | F1441: =IF($A1441=1,$D1441*F$2,$D1441*F$3) -> 0.0078343878 | G1441: =IF($A1441=1,$D1441*G$2,$D1441*G$3) -> 0.0067483701 | H1441: =IF($A1441=1,$D1441*H$2,$D1441*H$3) -> 0.0040605382 | I1441: =IF($A1441=1,$D1441*I$2,$D1441*I$3) -> 0.0018132124 | J1441: =IF($A1441=1,$D1441*J$2,$D1441*J$3) -> 0.00072810642
... A1698: 0 | B1698: 83162CSL8 | C1698: SBAP 2009-20D 1 | D1698: 6.5741614e-05 | E1698: =IF(A1698=1,$D1698*E$2,$D1698*E$3) -> 4.768844e-05 | F1698: =IF($A1698=1,$D1698*F$2,$D1698*F$3) -> 4.0796729e-05 | G1698: =IF($A1698=1,$D1698*G$2,$D1698*G$3) -> 3.5141409e-05 | H1698: =IF($A1698=1,$D1698*H$2,$D1698*H$3) -> 2.1144815e-05 | I1698: =IF($A1698=1,$D1698*I$2,$D1698*I$3) -> 9.4421082e-06 | J1698: =IF($A1698=1,$D1698*J$2,$D1698*J$3) -> 3.7915356e-06

Sheet Income Conservative Fund 
A1: As of 30 September 2026
A2: Equity Allocation | C2: 0.27460801
A3: Fixed Income Allocation | C3: 0.72539199
A5: CUSIP/ISIN | B5: Security Description | C5: Portfolio Weight
A6: 912810UN6 | B6: UST | C6: 0.043853507
A7: 91282CPL9 | B7: UST | C7: 0.032854788
A8: 91282CPN5 | B8: UST | C8: 0.026319695
A9: 91282CJN2 | B9: UST | C9: 0.02399007
A10: 912810UF3 | B10: UST | C10: 0.021995684
A11: US67066G1040 | B11: NVIDIA | C11: 0.015927265
A12: US0378331005 | B12: APPLE | C12: 0.014828833
A13: 91282CRH6 | B13: UST | C13: 0.014205003
A14: 91282CQE4 | B14: UST | C14: 0.013238774
A15: 91282CQU8 | B15: UST | C15: 0.012710304
A16: 912810UM8 | B16: UST | C16: 0.011334685
A17: US5949181045 | B17: MICROSOFT | C17: 0.01098432
... A589: US89832Q1094 | B589: TRUIST FINANCIAL | C589: 0.00016476481
B590: USD | C590: 0.00016476481
A591: US87612G1013 | B591: TARGA RESOURCES | C591: 0.00016476481
A592: US16411R2085 | B592: CHENIERE ENERGY | C592: 0.00016476481
A593: GB0004082847 | B593: STANDARD CHARTERED PLC | C593: 0.00016476481
A594: IE00BLP1HW54 | B594: AON PLC CLASS A | C594: 0.00016476481
A595: US14149Y1082 | B595: CARDINAL HEALTH | C595: 0.00016476481
A596: US30609A1097 | B596: ONEOK | C596: 0.00016476481
A597: DE000BAY0017 | B597: BAYER AG | C597: 0.00016476481
A598: US05722G1004 | B598: BAKER HUGHES CLASS A | C598: 0.00016476481
A599: ES0140609019 | B599: CAIXABANK SA | C599: 0.00016476481
A600: US25179M1036 | B600: DEVON ENERGY | C600: 0.00016476481
A601: US03073E1055 | B601: CENCORA | C601: 0.00016476481
A602: US19247G1076 | B602: COHERENT | C602: 0.00016476481
... A646: FR0000121667 | B646: ESSILORLUXOTTICA SA | C646: 0.00013730401
B647: JPY | C647: 0.00013730401
A648: IL0006290147 | B648: TEVA PHARMACEUTICAL INDUSTRIES | C648: 0.00013730401
A649: US0533321024 | B649: AUTOZONE | C649: 0.00013730401
A650: US3167731005 | B650: FIFTH THIRD BANCORP | C650: 0.00013730401
A651: CA15101Q2071 | B651: CELESTICA | C651: 0.00013730401
A652: NL0000334118 | B652: ASM INTERNATIONAL NV | C652: 0.00013730401
A653: US4448591028 | B653: HUMANA | C653: 0.00013730401
A654: CH0126881561 | B654: SWISS RE AG | C654: 0.00013730401
A655: US98389B1008 | B655: XCEL ENERGY INC | C655: 0.00013730401
A656: US31488V1070 | B656: FERGUSON ENTERPRISES INC | C656: 0.00013730401
A657: AU0000224040 | B657: WOODSIDE ENERGY GROUP LTD | C657: 0.00013730401
A658: US29364G1031 | B658: ENTERGY CORP | C658: 0.00013730401
A659: NL0011585146 | B659: FERRARI | C659: 0.00013730401
... A940: US8760301072 | B940: TAPESTRY | C940: 5.4921602e-05
B941: GBP | C941: 5.4921602e-05
A942: DE0006599905 | B942: MERCK | C942: 5.4921602e-05
A943: NL0000687663 | B943: AERCAP HOLDINGS | C943: 5.4921602e-05
A944: NL0010773842 | B944: NN GROUP | C944: 5.4921602e-05
A945: AU000000ALL7 | B945: ARISTOCRAT LEISURE | C945: 5.4921602e-05
A946: US92345Y1064 | B946: VERISK ANALYTICS | C946: 5.4921602e-05
A947: CH0311864901 | B947: VAT GROUP AG | C947: 5.4921602e-05
A948: IT0000066123 | B948: BPER BANCA | C948: 5.4921602e-05
A949: US92343E1029 | B949: VERISIGN | C949: 5.4921602e-05
A950: JP3397200001 | B950: SUZUKI MOTOR | C950: 5.4921602e-05
A951: JP3778630008 | B951: BANDAI NAMCO HOLDINGS INC | C951: 5.4921602e-05
A952: US2371941053 | B952: DARDEN RESTAURANTS INC | C952: 5.4921602e-05
A953: US1475281036 | B953: CASEYS GENERAL STORES INC | C953: 5.4921602e-05
... A973: CH0030170408 | B973: GEBERIT AG | C973: 5.4921602e-05
B974: EUR | C974: 5.4921602e-05
A975: US45337C1027 | B975: INCYTE CORP | C975: 5.4921602e-05
A976: JP3388200002 | B976: AEON | C976: 5.4921602e-05
A977: JP3551500006 | B977: DENSO | C977: 5.4921602e-05
A978: US91307C1027 | B978: UNITED THERAPEUTICS | C978: 5.4921602e-05
A979: US65473P1057 | B979: NISOURCE | C979: 5.4921602e-05
A980: US88262P1021 | B980: TEXAS PACIFIC LAND | C980: 5.4921602e-05
A981: US4595061015 | B981: INTERNATIONAL FLAVORS & FRAGRANCES | C981: 5.4921602e-05
A982: ES0113860A34 | B982: BANCO DE SABADELL | C982: 5.4921602e-05
A983: DE000DTR0CK8 | B983: DAIMLER TRUCK HOLDING E AG | C983: 5.4921602e-05
A984: US6293775085 | B984: NRG ENERGY INC | C984: 5.4921602e-05
A985: JP3294460005 | B985: INPEX | C985: 5.4921602e-05
A986: US5705351048 | B986: MARKEL GROUP | C986: 5.4921602e-05
... A1028: JP3381000003 | B1028: NIPPON STEEL | C1028: 5.4921602e-05
B1029: AUD | C1029: 5.4921602e-05
A1030: CA39138C1068 | B1030: GREAT WEST LIFECO INC | C1030: 5.4921602e-05
A1031: GB0000456144 | B1031: ANTOFAGASTA PLC | C1031: 5.4921602e-05
A1032: US11133T1034 | B1032: BROADRIDGE FINANCIAL SOLUTIONS INC | C1032: 5.4921602e-05
A1033: FI0009013403 | B1033: KONE | C1033: 5.4921602e-05
A1034: CA0977518616 | B1034: BOMBARDIER CLASS B | C1034: 5.4921602e-05
A1035: CH1430134226 | B1035: AMRIZE AG | C1035: 5.4921602e-05
A1036: US1258961002 | B1036: CMS ENERGY | C1036: 5.4921602e-05
A1037: IE0004927939 | B1037: KINGSPAN GROUP PLC | C1037: 5.4921602e-05
A1038: US5404241086 | B1038: LOEWS | C1038: 5.4921602e-05
A1039: US2605571031 | B1039: DOW | C1039: 5.4921602e-05
A1040: US26614N2018 | B1040: DUPONT DE NEMOURS | C1040: 5.4921602e-05
A1041: AU000000S320 | B1041: SOUTH32 | C1041: 5.4921602e-05
... A1058: AU000000EVN4 | B1058: EVOLUTION MINING | C1058: 5.4921602e-05
B1059: GBP/USD | C1059: 5.4921602e-05
A1060: CA5503721063 | B1060: LUNDIN MINING | C1060: 5.4921602e-05
A1061: US1921085049 | B1061: COEUR MINING | C1061: 5.4921602e-05
A1062: JP3266400005 | B1062: KUBOTA | C1062: 5.4921602e-05
A1063: JP3566800003 | B1063: CENTRAL JAPAN RAILWAY | C1063: 5.4921602e-05
A1064: US98956P1021 | B1064: ZIMMER BIOMET HOLDINGS | C1064: 5.4921602e-05
A1065: CH1256740924 | B1065: SGS SA | C1065: 5.4921602e-05
A1066: DE0008402215 | B1066: HANNOVER RUECK | C1066: 5.4921602e-05
A1067: DE0007664039 | B1067: VOLKSWAGEN NON-VOTING PREF AG | C1067: 5.4921602e-05
A1068: US4456581077 | B1068: JB HUNT TRANSPORT SERVICES | C1068: 5.4921602e-05
A1069: GB0004052071 | B1069: HALMA PLC | C1069: 5.4921602e-05
A1070: US2971781057 | B1070: ESSEX PROPERTY TRUST REIT | C1070: 5.4921602e-05
A1071: US31946M1036 | B1071: FIRST CITIZENS BANCSHARES CLASS A | C1071: 5.4921602e-05
...

Sheet Income Growth Fund
A1: As of 30 September 2026
A2: Equity Allocation | C2: 0.37943828
A3: Fixed Income Allocation | C3: 0.62056172
A5: CUSIP/ISIN | B5: Security Description | C5: Portfolio Weight
A6: 912810UN6 | B6: UST | C6: 0.037516003
A7: 91282CPL9 | B7: UST | C7: 0.028106767
A8: 91282CPN5 | B8: UST | C8: 0.022516095
A9: US67066G1040 | B9: NVIDIA | C9: 0.02200742
A10: 91282CJN2 | B10: UST | C10: 0.020523137
A11: US0378331005 | B11: APPLE | C11: 0.020489667
A12: 912810UF3 | B12: UST | C12: 0.01881697
A13: US5949181045 | B13: MICROSOFT | C13: 0.015177531
A14: 91282CRH6 | B14: UST | C14: 0.012152162
A15: 91282CQE4 | B15: UST | C15: 0.011325568
A16: 91282CQU8 | B16: UST | C16: 0.01087347
A17: US0231351067 | B17: AMAZON.COM INC | C17: 0.010093058
... A579: US89832Q1094 | B579: TRUIST FINANCIAL | C579: 0.00022766297
B580: USD | C580: 0.00022766297
A581: US87612G1013 | B581: TARGA RESOURCES | C581: 0.00022766297
A582: US16411R2085 | B582: CHENIERE ENERGY | C582: 0.00022766297
A583: GB0004082847 | B583: STANDARD CHARTERED PLC | C583: 0.00022766297
A584: IE00BLP1HW54 | B584: AON PLC CLASS A | C584: 0.00022766297
A585: US14149Y1082 | B585: CARDINAL HEALTH | C585: 0.00022766297
A586: US30609A1097 | B586: ONEOK | C586: 0.00022766297
A587: DE000BAY0017 | B587: BAYER AG | C587: 0.00022766297
A588: US05722G1004 | B588: BAKER HUGHES CLASS A | C588: 0.00022766297
A589: ES0140609019 | B589: CAIXABANK SA | C589: 0.00022766297
A590: US25179M1036 | B590: DEVON ENERGY | C590: 0.00022766297
A591: US03073E1055 | B591: CENCORA | C591: 0.00022766297
A592: US19247G1076 | B592: COHERENT | C592: 0.00022766297
... A636: FR0000121667 | B636: ESSILORLUXOTTICA SA | C636: 0.00018971914
B637: JPY | C637: 0.00018971914
A638: IL0006290147 | B638: TEVA PHARMACEUTICAL INDUSTRIES | C638: 0.00018971914
A639: US0533321024 | B639: AUTOZONE | C639: 0.00018971914
A640: US3167731005 | B640: FIFTH THIRD BANCORP | C640: 0.00018971914
A641: CA15101Q2071 | B641: CELESTICA | C641: 0.00018971914
A642: NL0000334118 | B642: ASM INTERNATIONAL NV | C642: 0.00018971914
A643: US4448591028 | B643: HUMANA | C643: 0.00018971914
A644: CH0126881561 | B644: SWISS RE AG | C644: 0.00018971914
A645: US98389B1008 | B645: XCEL ENERGY INC | C645: 0.00018971914
A646: US31488V1070 | B646: FERGUSON ENTERPRISES INC | C646: 0.00018971914
A647: AU0000224040 | B647: WOODSIDE ENERGY GROUP LTD | C647: 0.00018971914
A648: US29364G1031 | B648: ENTERGY CORP | C648: 0.00018971914
A649: NL0011585146 | B649: FERRARI | C649: 0.00018971914
... A936: US8760301072 | B936: TAPESTRY | C936: 7.5887655e-05
B937: GBP | C937: 7.5887655e-05
A938: DE0006599905 | B938: MERCK | C938: 7.5887655e-05
A939: NL0000687663 | B939: AERCAP HOLDINGS | C939: 7.5887655e-05
A940: NL0010773842 | B940: NN GROUP | C940: 7.5887655e-05
A941: AU000000ALL7 | B941: ARISTOCRAT LEISURE | C941: 7.5887655e-05
A942: US92345Y1064 | B942: VERISK ANALYTICS | C942: 7.5887655e-05
A943: CH0311864901 | B943: VAT GROUP AG | C943: 7.5887655e-05
A944: IT0000066123 | B944: BPER BANCA | C944: 7.5887655e-05
A945: US92343E1029 | B945: VERISIGN | C945: 7.5887655e-05
A946: JP3397200001 | B946: SUZUKI MOTOR | C946: 7.5887655e-05
A947: JP3778630008 | B947: BANDAI NAMCO HOLDINGS INC | C947: 7.5887655e-05
A948: US2371941053 | B948: DARDEN RESTAURANTS INC | C948: 7.5887655e-05
A949: US1475281036 | B949: CASEYS GENERAL STORES INC | C949: 7.5887655e-05
... A969: CH0030170408 | B969: GEBERIT AG | C969: 7.5887655e-05
B970: EUR | C970: 7.5887655e-05
A971: US45337C1027 | B971: INCYTE CORP | C971: 7.5887655e-05
A972: JP3388200002 | B972: AEON | C972: 7.5887655e-05
A973: JP3551500006 | B973: DENSO | C973: 7.5887655e-05
A974: US91307C1027 | B974: UNITED THERAPEUTICS | C974: 7.5887655e-05
A975: US65473P1057 | B975: NISOURCE | C975: 7.5887655e-05
A976: US88262P1021 | B976: TEXAS PACIFIC LAND | C976: 7.5887655e-05
A977: US4595061015 | B977: INTERNATIONAL FLAVORS & FRAGRANCES | C977: 7.5887655e-05
A978: ES0113860A34 | B978: BANCO DE SABADELL | C978: 7.5887655e-05
A979: DE000DTR0CK8 | B979: DAIMLER TRUCK HOLDING E AG | C979: 7.5887655e-05
A980: US6293775085 | B980: NRG ENERGY INC | C980: 7.5887655e-05
A981: JP3294460005 | B981: INPEX | C981: 7.5887655e-05
A982: US5705351048 | B982: MARKEL GROUP | C982: 7.5887655e-05
... A1024: JP3381000003 | B1024: NIPPON STEEL | C1024: 7.5887655e-05
B1025: AUD | C1025: 7.5887655e-05
A1026: CA39138C1068 | B1026: GREAT WEST LIFECO INC | C1026: 7.5887655e-05
A1027: GB0000456144 | B1027: ANTOFAGASTA PLC | C1027: 7.5887655e-05
A1028: US11133T1034 | B1028: BROADRIDGE FINANCIAL SOLUTIONS INC | C1028: 7.5887655e-05
A1029: FI0009013403 | B1029: KONE | C1029: 7.5887655e-05
A1030: CA0977518616 | B1030: BOMBARDIER CLASS B | C1030: 7.5887655e-05
A1031: CH1430134226 | B1031: AMRIZE AG | C1031: 7.5887655e-05
A1032: US1258961002 | B1032: CMS ENERGY | C1032: 7.5887655e-05
A1033: IE0004927939 | B1033: KINGSPAN GROUP PLC | C1033: 7.5887655e-05
A1034: US5404241086 | B1034: LOEWS | C1034: 7.5887655e-05
A1035: US2605571031 | B1035: DOW | C1035: 7.5887655e-05
A1036: US26614N2018 | B1036: DUPONT DE NEMOURS | C1036: 7.5887655e-05
A1037: AU000000S320 | B1037: SOUTH32 | C1037: 7.5887655e-05
... A1054: AU000000EVN4 | B1054: EVOLUTION MINING | C1054: 7.5887655e-05
B1055: GBP/USD | C1055: 7.5887655e-05
A1056: CA5503721063 | B1056: LUNDIN MINING | C1056: 7.5887655e-05
A1057: US1921085049 | B1057: COEUR MINING | C1057: 7.5887655e-05
A1058: JP3266400005 | B1058: KUBOTA | C1058: 7.5887655e-05
A1059: JP3566800003 | B1059: CENTRAL JAPAN RAILWAY | C1059: 7.5887655e-05
A1060: US98956P1021 | B1060: ZIMMER BIOMET HOLDINGS | C1060: 7.5887655e-05
A1061: CH1256740924 | B1061: SGS SA | C1061: 7.5887655e-05
A1062: DE0008402215 | B1062: HANNOVER RUECK | C1062: 7.5887655e-05
A1063: DE0007664039 | B1063: VOLKSWAGEN NON-VOTING PREF AG | C1063: 7.5887655e-05
A1064: US4456581077 | B1064: JB HUNT TRANSPORT SERVICES | C1064: 7.5887655e-05
A1065: GB0004052071 | B1065: HALMA PLC | C1065: 7.5887655e-05
A1066: US2971781057 | B1066: ESSEX PROPERTY TRUST REIT | C1066: 7.5887655e-05
A1067: US31946M1036 | B1067: FIRST CITIZENS BANCSHARES CLASS A | C1067: 7.5887655e-05
...

Sheet 2030 Fund
A1: As of 30 September 2026
A2: Equity Allocation | C2: 0.46546172
A3: Fixed Income Allocation | C3: 0.53453828
A5: CUSIP/ISIN | B5: Security Description | C5: Portfolio Weight
A6: 912810UN6 | B6: UST | C6: 0.032315464
A7: US67066G1040 | B7: NVIDIA | C7: 0.02699678
A8: US0378331005 | B8: APPLE | C8: 0.025134933
A9: 91282CPL9 | B9: UST | C9: 0.024210554
A10: 91282CPN5 | B10: UST | C10: 0.019394872
A11: US5949181045 | B11: MICROSOFT | C11: 0.018618469
A12: 91282CJN2 | B12: UST | C12: 0.017678181
A13: 912810UF3 | B13: UST | C13: 0.016208526
A14: US0231351067 | B14: AMAZON.COM INC | C14: 0.012381282
A15: 91282CRH6 | B15: UST | C15: 0.010467607
A16: US02079K3059 | B16: ALPHABET CLASS A | C16: 0.010379796
A17: 91282CQE4 | B17: UST | C17: 0.0097555963
... A571: US89832Q1094 | B571: TRUIST FINANCIAL | C571: 0.00027927703
B572: USD | C572: 0.00027927703
A573: US87612G1013 | B573: TARGA RESOURCES | C573: 0.00027927703
A574: US16411R2085 | B574: CHENIERE ENERGY | C574: 0.00027927703
A575: GB0004082847 | B575: STANDARD CHARTERED PLC | C575: 0.00027927703
A576: IE00BLP1HW54 | B576: AON PLC CLASS A | C576: 0.00027927703
A577: US14149Y1082 | B577: CARDINAL HEALTH | C577: 0.00027927703
A578: US30609A1097 | B578: ONEOK | C578: 0.00027927703
A579: DE000BAY0017 | B579: BAYER AG | C579: 0.00027927703
A580: US05722G1004 | B580: BAKER HUGHES CLASS A | C580: 0.00027927703
A581: ES0140609019 | B581: CAIXABANK SA | C581: 0.00027927703
A582: US25179M1036 | B582: DEVON ENERGY | C582: 0.00027927703
A583: US03073E1055 | B583: CENCORA | C583: 0.00027927703
A584: US19247G1076 | B584: COHERENT | C584: 0.00027927703
... A628: FR0000121667 | B628: ESSILORLUXOTTICA SA | C628: 0.00023273086
B629: JPY | C629: 0.00023273086
A630: IL0006290147 | B630: TEVA PHARMACEUTICAL INDUSTRIES | C630: 0.00023273086
A631: US0533321024 | B631: AUTOZONE | C631: 0.00023273086
A632: US3167731005 | B632: FIFTH THIRD BANCORP | C632: 0.00023273086
A633: CA15101Q2071 | B633: CELESTICA | C633: 0.00023273086
A634: NL0000334118 | B634: ASM INTERNATIONAL NV | C634: 0.00023273086
A635: US4448591028 | B635: HUMANA | C635: 0.00023273086
A636: CH0126881561 | B636: SWISS RE AG | C636: 0.00023273086
A637: US98389B1008 | B637: XCEL ENERGY INC | C637: 0.00023273086
A638: US31488V1070 | B638: FERGUSON ENTERPRISES INC | C638: 0.00023273086
A639: AU0000224040 | B639: WOODSIDE ENERGY GROUP LTD | C639: 0.00023273086
A640: US29364G1031 | B640: ENTERGY CORP | C640: 0.00023273086
A641: NL0011585146 | B641: FERRARI | C641: 0.00023273086
... A935: US8760301072 | B935: TAPESTRY | C935: 9.3092343e-05
B936: GBP | C936: 9.3092343e-05
A937: DE0006599905 | B937: MERCK | C937: 9.3092343e-05
A938: NL0000687663 | B938: AERCAP HOLDINGS | C938: 9.3092343e-05
A939: NL0010773842 | B939: NN GROUP | C939: 9.3092343e-05
A940: AU000000ALL7 | B940: ARISTOCRAT LEISURE | C940: 9.3092343e-05
A941: US92345Y1064 | B941: VERISK ANALYTICS | C941: 9.3092343e-05
A942: CH0311864901 | B942: VAT GROUP AG | C942: 9.3092343e-05
A943: IT0000066123 | B943: BPER BANCA | C943: 9.3092343e-05
A944: US92343E1029 | B944: VERISIGN | C944: 9.3092343e-05
A945: JP3397200001 | B945: SUZUKI MOTOR | C945: 9.3092343e-05
A946: JP3778630008 | B946: BANDAI NAMCO HOLDINGS INC | C946: 9.3092343e-05
A947: US2371941053 | B947: DARDEN RESTAURANTS INC | C947: 9.3092343e-05
A948: US1475281036 | B948: CASEYS GENERAL STORES INC | C948: 9.3092343e-05
... A968: CH0030170408 | B968: GEBERIT AG | C968: 9.3092343e-05
B969: EUR | C969: 9.3092343e-05
A970: US45337C1027 | B970: INCYTE CORP | C970: 9.3092343e-05
A971: JP3388200002 | B971: AEON | C971: 9.3092343e-05
A972: JP3551500006 | B972: DENSO | C972: 9.3092343e-05
A973: US91307C1027 | B973: UNITED THERAPEUTICS | C973: 9.3092343e-05
A974: US65473P1057 | B974: NISOURCE | C974: 9.3092343e-05
A975: US88262P1021 | B975: TEXAS PACIFIC LAND | C975: 9.3092343e-05
A976: US4595061015 | B976: INTERNATIONAL FLAVORS & FRAGRANCES | C976: 9.3092343e-05
A977: ES0113860A34 | B977: BANCO DE SABADELL | C977: 9.3092343e-05
A978: DE000DTR0CK8 | B978: DAIMLER TRUCK HOLDING E AG | C978: 9.3092343e-05
A979: US6293775085 | B979: NRG ENERGY INC | C979: 9.3092343e-05
A980: JP3294460005 | B980: INPEX | C980: 9.3092343e-05
A981: US5705351048 | B981: MARKEL GROUP | C981: 9.3092343e-05
... A1023: JP3381000003 | B1023: NIPPON STEEL | C1023: 9.3092343e-05
B1024: AUD | C1024: 9.3092343e-05
A1025: CA39138C1068 | B1025: GREAT WEST LIFECO INC | C1025: 9.3092343e-05
A1026: GB0000456144 | B1026: ANTOFAGASTA PLC | C1026: 9.3092343e-05
A1027: US11133T1034 | B1027: BROADRIDGE FINANCIAL SOLUTIONS INC | C1027: 9.3092343e-05
A1028: FI0009013403 | B1028: KONE | C1028: 9.3092343e-05
A1029: CA0977518616 | B1029: BOMBARDIER CLASS B | C1029: 9.3092343e-05
A1030: CH1430134226 | B1030: AMRIZE AG | C1030: 9.3092343e-05
A1031: US1258961002 | B1031: CMS ENERGY | C1031: 9.3092343e-05
A1032: IE0004927939 | B1032: KINGSPAN GROUP PLC | C1032: 9.3092343e-05
A1033: US5404241086 | B1033: LOEWS | C1033: 9.3092343e-05
A1034: US2605571031 | B1034: DOW | C1034: 9.3092343e-05
A1035: US26614N2018 | B1035: DUPONT DE NEMOURS | C1035: 9.3092343e-05
A1036: AU000000S320 | B1036: SOUTH32 | C1036: 9.3092343e-05
... A1053: AU000000EVN4 | B1053: EVOLUTION MINING | C1053: 9.3092343e-05
B1054: GBP/USD | C1054: 9.3092343e-05
A1055: CA5503721063 | B1055: LUNDIN MINING | C1055: 9.3092343e-05
A1056: US1921085049 | B1056: COEUR MINING | C1056: 9.3092343e-05
A1057: JP3266400005 | B1057: KUBOTA | C1057: 9.3092343e-05
A1058: JP3566800003 | B1058: CENTRAL JAPAN RAILWAY | C1058: 9.3092343e-05
A1059: US98956P1021 | B1059: ZIMMER BIOMET HOLDINGS | C1059: 9.3092343e-05
A1060: CH1256740924 | B1060: SGS SA | C1060: 9.3092343e-05
A1061: DE0008402215 | B1061: HANNOVER RUECK | C1061: 9.3092343e-05
A1062: DE0007664039 | B1062: VOLKSWAGEN NON-VOTING PREF AG | C1062: 9.3092343e-05
A1063: US4456581077 | B1063: JB HUNT TRANSPORT SERVICES | C1063: 9.3092343e-05
A1064: GB0004052071 | B1064: HALMA PLC | C1064: 9.3092343e-05
A1065: US2971781057 | B1065: ESSEX PROPERTY TRUST REIT | C1065: 9.3092343e-05
A1066: US31946M1036 | B1066: FIRST CITIZENS BANCSHARES CLASS A | C1066: 9.3092343e-05
...

Sheet 2040 Fund
A1: As of 30 September 2026
A2: Equity Allocation | C2: 0.67836483
A3: Fixed Income Allocation | C3: 0.32163517
A5: CUSIP/ISIN | B5: Security Description | C5: Portfolio Weight
A6: US67066G1040 | B6: NVIDIA | C6: 0.03934516
A7: US0378331005 | B7: APPLE | C7: 0.036631701
A8: US5949181045 | B8: MICROSOFT | C8: 0.027134593
A9: 912810UN6 | B9: UST | C9: 0.019444425
A10: US0231351067 | B10: AMAZON.COM INC | C10: 0.018044505
A11: US02079K3059 | B11: ALPHABET CLASS A | C11: 0.015127536
A12: 91282CPL9 | B12: UST | C12: 0.014567648
A13: US02079K1079 | B13: ALPHABET CLASS C | C13: 0.011939221
A14: US30303M1027 | B14: META PLATFORMS CLASS A | C14: 0.011939221
A15: US11135F1012 | B15: BROADCOM INC | C15: 0.011939221
A16: 91282CPN5 | B16: UST | C16: 0.011670021
A17: 91282CJN2 | B17: UST | C17: 0.010637076
... A533: US89832Q1094 | B533: TRUIST FINANCIAL | C533: 0.0004070189
B534: USD | C534: 0.0004070189
A535: US87612G1013 | B535: TARGA RESOURCES | C535: 0.0004070189
A536: US16411R2085 | B536: CHENIERE ENERGY | C536: 0.0004070189
A537: GB0004082847 | B537: STANDARD CHARTERED PLC | C537: 0.0004070189
A538: IE00BLP1HW54 | B538: AON PLC CLASS A | C538: 0.0004070189
A539: US14149Y1082 | B539: CARDINAL HEALTH | C539: 0.0004070189
A540: US30609A1097 | B540: ONEOK | C540: 0.0004070189
A541: DE000BAY0017 | B541: BAYER AG | C541: 0.0004070189
A542: US05722G1004 | B542: BAKER HUGHES CLASS A | C542: 0.0004070189
A543: ES0140609019 | B543: CAIXABANK SA | C543: 0.0004070189
A544: US25179M1036 | B544: DEVON ENERGY | C544: 0.0004070189
A545: US03073E1055 | B545: CENCORA | C545: 0.0004070189
A546: US19247G1076 | B546: COHERENT | C546: 0.0004070189
... A597: FR0000121667 | B597: ESSILORLUXOTTICA SA | C597: 0.00033918242
B598: JPY | C598: 0.00033918242
A599: IL0006290147 | B599: TEVA PHARMACEUTICAL INDUSTRIES | C599: 0.00033918242
A600: US0533321024 | B600: AUTOZONE | C600: 0.00033918242
A601: US3167731005 | B601: FIFTH THIRD BANCORP | C601: 0.00033918242
A602: CA15101Q2071 | B602: CELESTICA | C602: 0.00033918242
A603: NL0000334118 | B603: ASM INTERNATIONAL NV | C603: 0.00033918242
A604: US4448591028 | B604: HUMANA | C604: 0.00033918242
A605: CH0126881561 | B605: SWISS RE AG | C605: 0.00033918242
A606: US98389B1008 | B606: XCEL ENERGY INC | C606: 0.00033918242
A607: US31488V1070 | B607: FERGUSON ENTERPRISES INC | C607: 0.00033918242
A608: AU0000224040 | B608: WOODSIDE ENERGY GROUP LTD | C608: 0.00033918242
A609: US29364G1031 | B609: ENTERGY CORP | C609: 0.00033918242
A610: NL0011585146 | B610: FERRARI | C610: 0.00033918242
... A918: US8760301072 | B918: TAPESTRY | C918: 0.00013567297
B919: GBP | C919: 0.00013567297
A920: DE0006599905 | B920: MERCK | C920: 0.00013567297
A921: NL0000687663 | B921: AERCAP HOLDINGS | C921: 0.00013567297
A922: NL0010773842 | B922: NN GROUP | C922: 0.00013567297
A923: AU000000ALL7 | B923: ARISTOCRAT LEISURE | C923: 0.00013567297
A924: US92345Y1064 | B924: VERISK ANALYTICS | C924: 0.00013567297
A925: CH0311864901 | B925: VAT GROUP AG | C925: 0.00013567297
A926: IT0000066123 | B926: BPER BANCA | C926: 0.00013567297
A927: US92343E1029 | B927: VERISIGN | C927: 0.00013567297
A928: JP3397200001 | B928: SUZUKI MOTOR | C928: 0.00013567297
A929: JP3778630008 | B929: BANDAI NAMCO HOLDINGS INC | C929: 0.00013567297
A930: US2371941053 | B930: DARDEN RESTAURANTS INC | C930: 0.00013567297
A931: US1475281036 | B931: CASEYS GENERAL STORES INC | C931: 0.00013567297
... A951: CH0030170408 | B951: GEBERIT AG | C951: 0.00013567297
B952: EUR | C952: 0.00013567297
A953: US45337C1027 | B953: INCYTE CORP | C953: 0.00013567297
A954: JP3388200002 | B954: AEON | C954: 0.00013567297
A955: JP3551500006 | B955: DENSO | C955: 0.00013567297
A956: US91307C1027 | B956: UNITED THERAPEUTICS | C956: 0.00013567297
A957: US65473P1057 | B957: NISOURCE | C957: 0.00013567297
A958: US88262P1021 | B958: TEXAS PACIFIC LAND | C958: 0.00013567297
A959: US4595061015 | B959: INTERNATIONAL FLAVORS & FRAGRANCES | C959: 0.00013567297
A960: ES0113860A34 | B960: BANCO DE SABADELL | C960: 0.00013567297
A961: DE000DTR0CK8 | B961: DAIMLER TRUCK HOLDING E AG | C961: 0.00013567297
A962: US6293775085 | B962: NRG ENERGY INC | C962: 0.00013567297
A963: JP3294460005 | B963: INPEX | C963: 0.00013567297
A964: US5705351048 | B964: MARKEL GROUP | C964: 0.00013567297
... A1006: JP3381000003 | B1006: NIPPON STEEL | C1006: 0.00013567297
B1007: AUD | C1007: 0.00013567297
A1008: CA39138C1068 | B1008: GREAT WEST LIFECO INC | C1008: 0.00013567297
A1009: GB0000456144 | B1009: ANTOFAGASTA PLC | C1009: 0.00013567297
A1010: US11133T1034 | B1010: BROADRIDGE FINANCIAL SOLUTIONS INC | C1010: 0.00013567297
A1011: FI0009013403 | B1011: KONE | C1011: 0.00013567297
A1012: CA0977518616 | B1012: BOMBARDIER CLASS B | C1012: 0.00013567297
A1013: CH1430134226 | B1013: AMRIZE AG | C1013: 0.00013567297
A1014: US1258961002 | B1014: CMS ENERGY | C1014: 0.00013567297
A1015: IE0004927939 | B1015: KINGSPAN GROUP PLC | C1015: 0.00013567297
A1016: US5404241086 | B1016: LOEWS | C1016: 0.00013567297
A1017: US2605571031 | B1017: DOW | C1017: 0.00013567297
A1018: US26614N2018 | B1018: DUPONT DE NEMOURS | C1018: 0.00013567297
A1019: AU000000S320 | B1019: SOUTH32 | C1019: 0.00013567297
... A1036: AU000000EVN4 | B1036: EVOLUTION MINING | C1036: 0.00013567297
B1037: GBP/USD | C1037: 0.00013567297
A1038: CA5503721063 | B1038: LUNDIN MINING | C1038: 0.00013567297
A1039: US1921085049 | B1039: COEUR MINING | C1039: 0.00013567297
A1040: JP3266400005 | B1040: KUBOTA | C1040: 0.00013567297
A1041: JP3566800003 | B1041: CENTRAL JAPAN RAILWAY | C1041: 0.00013567297
A1042: US98956P1021 | B1042: ZIMMER BIOMET HOLDINGS | C1042: 0.00013567297
A1043: CH1256740924 | B1043: SGS SA | C1043: 0.00013567297
A1044: DE0008402215 | B1044: HANNOVER RUECK | C1044: 0.00013567297
A1045: DE0007664039 | B1045: VOLKSWAGEN NON-VOTING PREF AG | C1045: 0.00013567297
A1046: US4456581077 | B1046: JB HUNT TRANSPORT SERVICES | C1046: 0.00013567297
A1047: GB0004052071 | B1047: HALMA PLC | C1047: 0.00013567297
A1048: US2971781057 | B1048: ESSEX PROPERTY TRUST REIT | C1048: 0.00013567297
A1049: US31946M1036 | B1049: FIRST CITIZENS BANCSHARES CLASS A | C1049: 0.00013567297
...

Sheet 2050 Fund
A1: As of 30 September 2026
A2: Equity Allocation | C2: 0.85637547
A3: Fixed Income Allocation | C3: 0.14362453
A5: CUSIP/ISIN | B5: Security Description | C5: Portfolio Weight
A6: US67066G1040 | B6: NVIDIA | C6: 0.049669777
A7: US0378331005 | B7: APPLE | C7: 0.046244276
A8: US5949181045 | B8: MICROSOFT | C8: 0.034255019
A9: US0231351067 | B9: AMAZON.COM INC | C9: 0.022779588
A10: US02079K3059 | B10: ALPHABET CLASS A | C10: 0.019097173
A11: US02079K1079 | B11: ALPHABET CLASS C | C11: 0.015072208
A12: US30303M1027 | B12: META PLATFORMS CLASS A | C12: 0.015072208
A13: US11135F1012 | B13: BROADCOM INC | C13: 0.015072208
A14: US5951121038 | B14: MICRON TECHNOLOGY | C14: 0.011389794
A15: US88160R1014 | B15: TESLA INC | C15: 0.0095914053
A16: US0079031078 | B16: ADVANCED MICRO DEVICES | C16: 0.0094201302
A17: US5324571083 | B17: ELI LILLY | C17: 0.0087350298
... A407: US89832Q1094 | B407: TRUIST FINANCIAL | C407: 0.00051382528
B408: USD | C408: 0.00051382528
A409: US87612G1013 | B409: TARGA RESOURCES | C409: 0.00051382528
A410: US16411R2085 | B410: CHENIERE ENERGY | C410: 0.00051382528
A411: GB0004082847 | B411: STANDARD CHARTERED PLC | C411: 0.00051382528
A412: IE00BLP1HW54 | B412: AON PLC CLASS A | C412: 0.00051382528
A413: US14149Y1082 | B413: CARDINAL HEALTH | C413: 0.00051382528
A414: US30609A1097 | B414: ONEOK | C414: 0.00051382528
A415: DE000BAY0017 | B415: BAYER AG | C415: 0.00051382528
A416: US05722G1004 | B416: BAKER HUGHES CLASS A | C416: 0.00051382528
A417: ES0140609019 | B417: CAIXABANK SA | C417: 0.00051382528
A418: US25179M1036 | B418: DEVON ENERGY | C418: 0.00051382528
A419: US03073E1055 | B419: CENCORA | C419: 0.00051382528
A420: US19247G1076 | B420: COHERENT | C420: 0.00051382528
... A488: FR0000121667 | B488: ESSILORLUXOTTICA SA | C488: 0.00042818774
B489: JPY | C489: 0.00042818774
A490: IL0006290147 | B490: TEVA PHARMACEUTICAL INDUSTRIES | C490: 0.00042818774
A491: US0533321024 | B491: AUTOZONE | C491: 0.00042818774
A492: US3167731005 | B492: FIFTH THIRD BANCORP | C492: 0.00042818774
A493: CA15101Q2071 | B493: CELESTICA | C493: 0.00042818774
A494: NL0000334118 | B494: ASM INTERNATIONAL NV | C494: 0.00042818774
A495: US4448591028 | B495: HUMANA | C495: 0.00042818774
A496: CH0126881561 | B496: SWISS RE AG | C496: 0.00042818774
A497: US98389B1008 | B497: XCEL ENERGY INC | C497: 0.00042818774
A498: US31488V1070 | B498: FERGUSON ENTERPRISES INC | C498: 0.00042818774
A499: AU0000224040 | B499: WOODSIDE ENERGY GROUP LTD | C499: 0.00042818774
A500: US29364G1031 | B500: ENTERGY CORP | C500: 0.00042818774
A501: NL0011585146 | B501: FERRARI | C501: 0.00042818774
... A879: US8760301072 | B879: TAPESTRY | C879: 0.00017127509
B880: GBP | C880: 0.00017127509
A881: DE0006599905 | B881: MERCK | C881: 0.00017127509
A882: NL0000687663 | B882: AERCAP HOLDINGS | C882: 0.00017127509
A883: NL0010773842 | B883: NN GROUP | C883: 0.00017127509
A884: AU000000ALL7 | B884: ARISTOCRAT LEISURE | C884: 0.00017127509
A885: US92345Y1064 | B885: VERISK ANALYTICS | C885: 0.00017127509
A886: CH0311864901 | B886: VAT GROUP AG | C886: 0.00017127509
A887: IT0000066123 | B887: BPER BANCA | C887: 0.00017127509
A888: US92343E1029 | B888: VERISIGN | C888: 0.00017127509
A889: JP3397200001 | B889: SUZUKI MOTOR | C889: 0.00017127509
A890: JP3778630008 | B890: BANDAI NAMCO HOLDINGS INC | C890: 0.00017127509
A891: US2371941053 | B891: DARDEN RESTAURANTS INC | C891: 0.00017127509
A892: US1475281036 | B892: CASEYS GENERAL STORES INC | C892: 0.00017127509
... A912: CH0030170408 | B912: GEBERIT AG | C912: 0.00017127509
B913: EUR | C913: 0.00017127509
A914: US45337C1027 | B914: INCYTE CORP | C914: 0.00017127509
A915: JP3388200002 | B915: AEON | C915: 0.00017127509
A916: JP3551500006 | B916: DENSO | C916: 0.00017127509
A917: US91307C1027 | B917: UNITED THERAPEUTICS | C917: 0.00017127509
A918: US65473P1057 | B918: NISOURCE | C918: 0.00017127509
A919: US88262P1021 | B919: TEXAS PACIFIC LAND | C919: 0.00017127509
A920: US4595061015 | B920: INTERNATIONAL FLAVORS & FRAGRANCES | C920: 0.00017127509
A921: ES0113860A34 | B921: BANCO DE SABADELL | C921: 0.00017127509
A922: DE000DTR0CK8 | B922: DAIMLER TRUCK HOLDING E AG | C922: 0.00017127509
A923: US6293775085 | B923: NRG ENERGY INC | C923: 0.00017127509
A924: JP3294460005 | B924: INPEX | C924: 0.00017127509
A925: US5705351048 | B925: MARKEL GROUP | C925: 0.00017127509
... A967: JP3381000003 | B967: NIPPON STEEL | C967: 0.00017127509
B968: AUD | C968: 0.00017127509
A969: CA39138C1068 | B969: GREAT WEST LIFECO INC | C969: 0.00017127509
A970: GB0000456144 | B970: ANTOFAGASTA PLC | C970: 0.00017127509
A971: US11133T1034 | B971: BROADRIDGE FINANCIAL SOLUTIONS INC | C971: 0.00017127509
A972: FI0009013403 | B972: KONE | C972: 0.00017127509
A973: CA0977518616 | B973: BOMBARDIER CLASS B | C973: 0.00017127509
A974: CH1430134226 | B974: AMRIZE AG | C974: 0.00017127509
A975: US1258961002 | B975: CMS ENERGY | C975: 0.00017127509
A976: IE0004927939 | B976: KINGSPAN GROUP PLC | C976: 0.00017127509
A977: US5404241086 | B977: LOEWS | C977: 0.00017127509
A978: US2605571031 | B978: DOW | C978: 0.00017127509
A979: US26614N2018 | B979: DUPONT DE NEMOURS | C979: 0.00017127509
A980: AU000000S320 | B980: SOUTH32 | C980: 0.00017127509
... A997: AU000000EVN4 | B997: EVOLUTION MINING | C997: 0.00017127509
B998: GBP/USD | C998: 0.00017127509
A999: CA5503721063 | B999: LUNDIN MINING | C999: 0.00017127509
A1000: US1921085049 | B1000: COEUR MINING | C1000: 0.00017127509
A1001: JP3266400005 | B1001: KUBOTA | C1001: 0.00017127509
A1002: JP3566800003 | B1002: CENTRAL JAPAN RAILWAY | C1002: 0.00017127509
A1003: US98956P1021 | B1003: ZIMMER BIOMET HOLDINGS | C1003: 0.00017127509
A1004: CH1256740924 | B1004: SGS SA | C1004: 0.00017127509
A1005: DE0008402215 | B1005: HANNOVER RUECK | C1005: 0.00017127509
A1006: DE0007664039 | B1006: VOLKSWAGEN NON-VOTING PREF AG | C1006: 0.00017127509
A1007: US4456581077 | B1007: JB HUNT TRANSPORT SERVICES | C1007: 0.00017127509
A1008: GB0004052071 | B1008: HALMA PLC | C1008: 0.00017127509
A1009: US2971781057 | B1009: ESSEX PROPERTY TRUST REIT | C1009: 0.00017127509
A1010: US31946M1036 | B1010: FIRST CITIZENS BANCSHARES CLASS A | C1010: 0.00017127509
...

Sheet 2060 Fund
A1: As of 30 September 2026
A2: Equity Allocation | C2: 0.9423267
A3: Fixed Income Allocation | C3: 0.057673297
A5: CUSIP/ISIN | B5: Security Description | C5: Portfolio Weight
A6: US67066G1040 | B6: NVIDIA | C6: 0.054654949
A7: US0378331005 | B7: APPLE | C7: 0.050885642
A8: US5949181045 | B8: MICROSOFT | C8: 0.037693068
A9: US0231351067 | B9: AMAZON.COM INC | C9: 0.02506589
A10: US02079K3059 | B10: ALPHABET CLASS A | C10: 0.021013885
A11: US02079K1079 | B11: ALPHABET CLASS C | C11: 0.01658495
A12: US30303M1027 | B12: META PLATFORMS CLASS A | C12: 0.01658495
A13: US11135F1012 | B13: BROADCOM INC | C13: 0.01658495
A14: US5951121038 | B14: MICRON TECHNOLOGY | C14: 0.012532945
A15: US88160R1014 | B15: TESLA INC | C15: 0.010554059
A16: US0079031078 | B16: ADVANCED MICRO DEVICES | C16: 0.010365594
A17: US5324571083 | B17: ELI LILLY | C17: 0.0096117324
... A334: US89832Q1094 | B334: TRUIST FINANCIAL | C334: 0.00056539602
B335: USD | C335: 0.00056539602
A336: US87612G1013 | B336: TARGA RESOURCES | C336: 0.00056539602
A337: US16411R2085 | B337: CHENIERE ENERGY | C337: 0.00056539602
A338: GB0004082847 | B338: STANDARD CHARTERED PLC | C338: 0.00056539602
A339: IE00BLP1HW54 | B339: AON PLC CLASS A | C339: 0.00056539602
A340: US14149Y1082 | B340: CARDINAL HEALTH | C340: 0.00056539602
A341: US30609A1097 | B341: ONEOK | C341: 0.00056539602
A342: DE000BAY0017 | B342: BAYER AG | C342: 0.00056539602
A343: US05722G1004 | B343: BAKER HUGHES CLASS A | C343: 0.00056539602
A344: ES0140609019 | B344: CAIXABANK SA | C344: 0.00056539602
A345: US25179M1036 | B345: DEVON ENERGY | C345: 0.00056539602
A346: US03073E1055 | B346: CENCORA | C346: 0.00056539602
A347: US19247G1076 | B347: COHERENT | C347: 0.00056539602
... A394: FR0000121667 | B394: ESSILORLUXOTTICA SA | C394: 0.00047116335
B395: JPY | C395: 0.00047116335
A396: IL0006290147 | B396: TEVA PHARMACEUTICAL INDUSTRIES | C396: 0.00047116335
A397: US0533321024 | B397: AUTOZONE | C397: 0.00047116335
A398: US3167731005 | B398: FIFTH THIRD BANCORP | C398: 0.00047116335
A399: CA15101Q2071 | B399: CELESTICA | C399: 0.00047116335
A400: NL0000334118 | B400: ASM INTERNATIONAL NV | C400: 0.00047116335
A401: US4448591028 | B401: HUMANA | C401: 0.00047116335
A402: CH0126881561 | B402: SWISS RE AG | C402: 0.00047116335
A403: US98389B1008 | B403: XCEL ENERGY INC | C403: 0.00047116335
A404: US31488V1070 | B404: FERGUSON ENTERPRISES INC | C404: 0.00047116335
A405: AU0000224040 | B405: WOODSIDE ENERGY GROUP LTD | C405: 0.00047116335
A406: US29364G1031 | B406: ENTERGY CORP | C406: 0.00047116335
A407: NL0011585146 | B407: FERRARI | C407: 0.00047116335
... A761: US8760301072 | B761: TAPESTRY | C761: 0.00018846534
B762: GBP | C762: 0.00018846534
A763: DE0006599905 | B763: MERCK | C763: 0.00018846534
A764: NL0000687663 | B764: AERCAP HOLDINGS | C764: 0.00018846534
A765: NL0010773842 | B765: NN GROUP | C765: 0.00018846534
A766: AU000000ALL7 | B766: ARISTOCRAT LEISURE | C766: 0.00018846534
A767: US92345Y1064 | B767: VERISK ANALYTICS | C767: 0.00018846534
A768: CH0311864901 | B768: VAT GROUP AG | C768: 0.00018846534
A769: IT0000066123 | B769: BPER BANCA | C769: 0.00018846534
A770: US92343E1029 | B770: VERISIGN | C770: 0.00018846534
A771: JP3397200001 | B771: SUZUKI MOTOR | C771: 0.00018846534
A772: JP3778630008 | B772: BANDAI NAMCO HOLDINGS INC | C772: 0.00018846534
A773: US2371941053 | B773: DARDEN RESTAURANTS INC | C773: 0.00018846534
A774: US1475281036 | B774: CASEYS GENERAL STORES INC | C774: 0.00018846534
... A794: CH0030170408 | B794: GEBERIT AG | C794: 0.00018846534
B795: EUR | C795: 0.00018846534
A796: US45337C1027 | B796: INCYTE CORP | C796: 0.00018846534
A797: JP3388200002 | B797: AEON | C797: 0.00018846534
A798: JP3551500006 | B798: DENSO | C798: 0.00018846534
A799: US91307C1027 | B799: UNITED THERAPEUTICS | C799: 0.00018846534
A800: US65473P1057 | B800: NISOURCE | C800: 0.00018846534
A801: US88262P1021 | B801: TEXAS PACIFIC LAND | C801: 0.00018846534
A802: US4595061015 | B802: INTERNATIONAL FLAVORS & FRAGRANCES | C802: 0.00018846534
A803: ES0113860A34 | B803: BANCO DE SABADELL | C803: 0.00018846534
A804: DE000DTR0CK8 | B804: DAIMLER TRUCK HOLDING E AG | C804: 0.00018846534
A805: US6293775085 | B805: NRG ENERGY INC | C805: 0.00018846534
A806: JP3294460005 | B806: INPEX | C806: 0.00018846534
A807: US5705351048 | B807: MARKEL GROUP | C807: 0.00018846534
... A849: JP3381000003 | B849: NIPPON STEEL | C849: 0.00018846534
B850: AUD | C850: 0.00018846534
A851: CA39138C1068 | B851: GREAT WEST LIFECO INC | C851: 0.00018846534
A852: GB0000456144 | B852: ANTOFAGASTA PLC | C852: 0.00018846534
A853: US11133T1034 | B853: BROADRIDGE FINANCIAL SOLUTIONS INC | C853: 0.00018846534
A854: FI0009013403 | B854: KONE | C854: 0.00018846534
A855: CA0977518616 | B855: BOMBARDIER CLASS B | C855: 0.00018846534
A856: CH1430134226 | B856: AMRIZE AG | C856: 0.00018846534
A857: US1258961002 | B857: CMS ENERGY | C857: 0.00018846534
A858: IE0004927939 | B858: KINGSPAN GROUP PLC | C858: 0.00018846534
A859: US5404241086 | B859: LOEWS | C859: 0.00018846534
A860: US2605571031 | B860: DOW | C860: 0.00018846534
A861: US26614N2018 | B861: DUPONT DE NEMOURS | C861: 0.00018846534
A862: AU000000S320 | B862: SOUTH32 | C862: 0.00018846534
... A879: AU000000EVN4 | B879: EVOLUTION MINING | C879: 0.00018846534
B880: GBP/USD | C880: 0.00018846534
A881: CA5503721063 | B881: LUNDIN MINING | C881: 0.00018846534
A882: US1921085049 | B882: COEUR MINING | C882: 0.00018846534
A883: JP3266400005 | B883: KUBOTA | C883: 0.00018846534
A884: JP3566800003 | B884: CENTRAL JAPAN RAILWAY | C884: 0.00018846534
A885: US98956P1021 | B885: ZIMMER BIOMET HOLDINGS | C885: 0.00018846534
A886: CH1256740924 | B886: SGS SA | C886: 0.00018846534
A887: DE0008402215 | B887: HANNOVER RUECK | C887: 0.00018846534
A888: DE0007664039 | B888: VOLKSWAGEN NON-VOTING PREF AG | C888: 0.00018846534
A889: US4456581077 | B889: JB HUNT TRANSPORT SERVICES | C889: 0.00018846534
A890: GB0004052071 | B890: HALMA PLC | C890: 0.00018846534
A891: US2971781057 | B891: ESSEX PROPERTY TRUST REIT | C891: 0.00018846534
A892: US31946M1036 | B892: FIRST CITIZENS BANCSHARES CLASS A | C892: 0.00018846534
...
